Map: Polka LE

Players

Massa

  • Race: Terran Terran
  • League: Platinum
  • Spawn Location: 11:00

qqq

  • Race: Zerg Zerg
  • League: Platinum
  • Spawn Location: 11:00

Tricks - Winner!

  • Race: Protoss Protoss
  • League: Diamond
  • Spawn Location: 5:00

adepT - Winner!

  • Race: Zerg Zerg
  • League: Diamond
  • Spawn Location: 5:00

VOD

Have the link to the VOD?

Description

Time

  • Played on: Dec. 11, 2020, 5:09 p.m.
  • Length: 11:10
Show
View Real Time Build Order
Export as new Build Order

Massa Terran 

Build Orders:  

Get SALT Encoding   

  12  0:01  SCV  
  13  0:13  SCV  
  14  0:25  SCV  
  15  0:31  Supply Depot  
  15  0:40  Refinery  
  15  0:52  SCV  
  16  0:57  Barracks  
  16  1:04  SCV  
  17  1:16  SCV  
  18  1:20  Supply Depot  
  18  1:23  Barracks  
  18  1:28  SCV  
  19  1:41  SCV  
  19  1:43  Supply Depot  
  19  1:45  Barracks Tech Lab  
  20  1:53  Orbital Command  
  20  2:06  Marauder  
  22  2:10  Barracks Tech Lab  
  22  2:13  Concussive Shells  
  22  2:25  Supply Depot  
  22  2:29  Marauder  
  24  2:30  Marauder  
  26  2:50  Marauder  
  28  2:51  Marauder  
  30  3:00  Bunker  
  30  3:17  Marauder x2  
  29  3:38  Marauder x2  
  33  3:59  Marauder x2  
  27  4:21  Marauder x2  
  31  4:26  SCV  
  31  4:27  Command Center  
  32  4:38  SCV  
  33  4:40  Refinery  
  33  4:42  Marauder x2  
  37  5:04  Marauder x2  
  35  5:25  Marauder x2  
  33  5:29  SCV  
  33  5:35  Command Center  
  34  5:41  SCV  
  35  5:45  Orbital Command  
  35  5:46  Marauder  
  35  5:48  Marauder  
  39  5:50  Factory  
  39  5:53  SCV, Barracks  
  34  6:08  Marauder  
  34  6:10  Marauder  
  36  6:12  Bunker  
  36  6:20  Bunker  
  32  6:29  Marauder  
  30  6:42  Marauder  
  32  6:50  Marauder  
  32  6:51  Factory Tech Lab  
  34  6:59  SCV x2  
  36  7:01  Barracks Reactor  
  36  7:04  Marauder  
  38  7:09  Supply Depot  
  38  7:11  SCV x2  
  40  7:19  Engineering Bay  
  40  7:23  SCV x2  
  40  7:25  Barracks  
  40  7:27  Barracks  
  42  7:33  Marauder x2  
  42  7:35  SCV x2  
  46  7:47  SCV  
  47  8:00  Missile Turret  
  47  8:17  Cyclone  
  47  8:18  Marine x2  
  49  8:22  Barracks Reactor, Barracks Tech Lab  
  45  8:32  SCV  
  45  8:33  SCV  
  45  8:34  SCV  
  46  8:36  Marine x2  
  46  8:44  SCV  
  46  8:45  SCV  
  45  8:51  Siege Tank  
  45  8:54  Marine x2  
  50  8:57  SCV x2, Planetary Fortress  
  51  9:09  SCV x2  
  53  9:11  Supply Depot  
  53  9:12  Marine x2  
  55  9:18  Missile Turret  
  55  9:21  SCV x2, Barracks  
  55  9:24  Barracks  
  57  9:25  Refinery  
  57  9:26  Refinery  
  57  9:33  SCV x2  
  57  9:35  Marine  
  57  9:36  Marauder  
  62  9:44  Missile Turret  
  62  9:59  Marauder, Marine  
  64  10:00  Marine x4  
  69  10:15  SCV  
  69  10:16  SCV x2  
  69  10:21  Marauder  
  63  10:23  Siege Tank  
  63  10:28  SCV x2  
  56  10:35  Missile Turret  
  56  10:40  Barracks Tech Lab x2  
  56  10:41  Barracks Tech Lab  
  56  10:42  Marauder  
  52  10:43  Marine x2  
  52  10:44  Marine  
  52  10:47  Marine  
  50  10:51  SCV x2  
Show
View Real Time Build Order
Export as new Build Order

qqq Zerg 

Build Orders: Hatch First 

Get SALT Encoding   

  12  0:04  Drone  
  13  0:08  Drone  
  14  0:20  Overlord  
  14  0:46  Hatchery  
  14  0:49  Drone  
  14  0:53  Drone  
  14  0:56  Drone  
  16  1:10  Extractor  
  15  1:15  Spawning Pool  
  15  1:18  Drone  
  15  1:40  Drone x3  
  18  1:51  Drone  
  19  2:02  Queen  
  19  2:08  Queen  
  23  2:12  Drone  
  23  2:15  Drone  
  25  2:22  Overlord  
  25  2:29  Metabolic Boost  
  25  2:35  Zergling x4  
  27  2:39  Drone  
  28  2:47  Drone x2  
  28  2:50  Drone  
  31  2:52  Zergling x2  
  31  2:54  Drone  
  33  3:00  Zergling x2  
  34  3:07  Spine Crawler  
  34  3:09  Drone  
  34  3:10  Zergling x2  
  35  3:13  Zergling x2  
  35  3:17  Overlord  
  36  3:26  Overlord x2  
  36  3:41  Zergling x2  
  36  3:42  Zergling x6  
  38  3:58  Zergling x10  
  41  4:07  Baneling Nest  
  40  4:10  Zergling x2  
  40  4:11  Zergling x2  
  40  4:12  Zergling x2  
  43  4:20  Zergling x2  
  44  4:24  Hatchery  
  44  4:25  Zergling x2  
  44  4:26  Zergling x6  
  47  4:31  Lair  
  47  4:39  Zergling x2  
  47  4:40  Drone, Zergling x2  
  44  5:19  Zergling x14  
  44  5:20  Zergling x4  
  44  5:21  Zergling x10  
  49  5:29  Zergling x2  
  50  5:36  Baneling x4  
  50  5:37  Baneling x6  
  50  5:40  Zergling x6  
  50  5:42  Queen  
  49  6:04  Zergling x2  
  49  6:05  Zergling x8  
  46  6:31  Zergling x4  
  46  6:32  Zergling x10  
  47  6:33  Zergling x6  
  48  6:45  Baneling  
  48  6:47  Zergling x6  
  48  6:48  Zergling x6  
  48  6:51  Baneling x2  
  48  6:52  Baneling x2  
  52  7:01  Zergling x4  
  53  7:02  Zergling x2  
  53  7:05  Drone  
  56  7:09  Baneling x4  
  56  7:10  Baneling x3  
  56  7:13  Zergling x2  
  57  7:18  Overlord  
  57  7:21  Hatchery  
  47  7:45  Baneling x2  
  47  7:46  Baneling x5  
  48  7:51  Drone x3  
  48  7:53  Spore Crawler  
  48  7:58  Spore Crawler  
  46  7:59  Spine Crawler  
  46  8:01  Drone x2  
  46  8:02  Drone x3  
  49  8:05  Overseer  
  49  8:09  Spore Crawler  
  41  8:19  Drone x5  
  43  8:37  Drone x4  
  43  8:41  Extractor  
  45  8:43  Spore Crawler  
  45  8:44  Extractor, Drone x2  
  45  8:45  Drone, Extractor  
  44  8:54  Drone x2  
  46  8:56  Spore Crawler  
  46  8:58  Extractor  
  46  9:00  Drone  
  43  9:14  Spine Crawler  
  43  9:16  Drone x2  
  44  9:17  Drone x2  
  44  9:18  Spore Crawler  
  44  9:20  Drone  
  46  9:28  Spire  
  45  9:41  Spine Crawler  
  44  9:47  Drone x6  
  44  9:48  Drone x3  
  44  9:50  Drone  
  54  10:02  Infestation Pit  
  42  10:43  Overlord x3  
  42  10:44  Overlord x5  
  42  10:45  Overlord x3  
Show
View Real Time Build Order
Export as new Build Order

Tricks Protoss - Winner!

Build Orders: 1 Gate Expand, Blink Stalkers 

Get SALT Encoding   

  12  0:01  Probe  
  13  0:13  Probe  
  14  0:18  Pylon  
  14  0:25  Probe (Chrono Boost)  
  15  0:37  Probe (Chrono Boost)  
  15  0:42  Gateway  
  16  0:46  Probe (Chrono Boost)  
  17  0:50  Assimilator  
  17  0:51  Probe  
  18  1:04  Probe  
  19  1:17  Probe  
  20  1:29  Probe  
  21  1:41  Nexus  
  21  1:46  Cybernetics Core  
  21  1:48  Probe  
  22  2:00  Assimilator  
  22  2:03  Gateway  
  22  2:14  Pylon  
  22  2:15  Probe  
  23  2:20  Warp Gate (Chrono Boost)  
  23  2:30  Stalker (Chrono Boost)  
  23  2:31  Shield Battery  
  25  2:46  Probe  
  27  2:53  Stalker (Chrono Boost)  
  27  2:54  Twilight Council  
  27  2:57  Stalker (Chrono Boost)  
  29  3:03  Shield Battery  
  29  3:30  Stalker x2  
  33  3:37  Probe  
  33  3:38  Probe  
  33  3:40  Blink (Chrono Boost)  
  33  3:50  Probe x2  
  31  4:09  Stalker x2  
  35  4:17  Probe x2  
  35  4:22  Gateway  
  37  4:27  Stalker  
  37  4:29  Probe x2, Pylon  
  41  4:33  Pylon  
  41  4:42  Stalker  
  41  5:06  Stalker x2  
  39  5:18  Stalker  
  41  5:24  Probe x2  
  43  5:28  Dark Shrine  
  43  5:36  Probe x2  
  43  5:37  Stalker x2  
  49  5:48  Probe x2  
  51  6:00  Probe  
  52  6:11  Stalker x2  
  52  6:12  Stalker  
  52  6:14  Pylon  
  50  6:37  Stalker  
  50  6:38  Stalker x2  
  52  6:45  Probe x2  
  54  6:49  Assimilator  
  54  6:51  Shield Battery  
  54  6:53  Shield Battery, Assimilator  
  54  6:57  Probe x2  
  54  7:00  Dark Templar  
  58  7:02  Zealot x2  
  62  7:09  Probe x2  
  62  7:13  Gateway  
  64  7:15  Gateway  
  64  7:21  Probe  
  64  7:22  Probe  
  66  7:24  Dark Templar  
  66  7:26  Stalker  
  70  7:39  Pylon  
  70  7:40  Pylon  
  70  7:56  Pylon  
  70  7:59  Pylon  
  70  8:04  Dark Templar x2  
  70  8:05  Dark Templar  
  76  8:08  Archon  
  76  8:11  Probe x2  
  78  8:23  Probe x2  
  80  8:27  Nexus  
  80  8:28  Pylon  
  80  8:32  Pylon  
  78  8:34  Charge (Chrono Boost)  
  78  8:35  Probe x2  
  78  8:38  Forge  
  78  8:40  Forge  
  77  8:42  Pylon  
  77  8:47  Probe x2  
  77  8:55  Templar Archives  
  77  8:58  Stalker x3  
  77  8:59  Probe, Stalker x2  
  86  9:25  Assimilator  
  86  9:27  Zealot x2, Assimilator  
  90  9:31  Photon Cannon  
  90  9:32  Photon Cannon  
  90  9:35  Photon Cannon, Zealot x2  
  90  9:37  Zealot  
  96  10:11  Stalker x4  
  96  10:12  Stalker  
  88  10:46  Stalker x5  
  96  10:55  Robotics Facility x2  
  96  10:57  Pylon  
  96  11:01  Pylon  
Show
View Real Time Build Order
Export as new Build Order

adepT Zerg - Winner!

Build Orders: Hatch First 

Get SALT Encoding   

  12  0:01  Drone  
  13  0:09  Drone  
  14  0:16  Overlord  
  14  0:28  Extractor, Drone  
  14  0:34  Drone x2  
  17  0:54  Drone  
  17  0:56  Hatchery  
  17  1:03  Drone, Extractor  
  17  1:13  Spawning Pool  
  17  1:16  Drone  
  17  1:20  Drone  
  19  1:32  Drone  
  19  1:40  Overlord  
  19  1:49  Drone  
  20  2:01  Drone  
  21  2:02  Queen  
  21  2:07  Queen  
  25  2:09  Zergling x2  
  25  2:12  Zergling x2  
  27  2:17  Baneling Nest  
  26  2:26  Drone  
  26  2:28  Drone  
  28  2:34  Metabolic Boost  
  28  2:38  Queen  
  30  2:50  Extractor  
  29  2:53  Zergling x12  
  33  3:29  Zergling x2  
  33  3:30  Zergling x6  
  33  3:32  Overlord x3  
  35  3:40  Zergling x2  
  35  3:41  Zergling x4  
  35  3:52  Zergling x2  
  35  3:53  Zergling x4  
  38  4:09  Baneling  
  36  4:10  Baneling  
  36  4:13  Drone x6  
  36  4:14  Drone x2  
  43  4:19  Lair  
  43  4:21  Drone  
  43  4:22  Drone  
  45  4:30  Drone  
  46  4:36  Drone  
  47  4:42  Zergling x4  
  47  4:45  Baneling x2  
  49  4:53  Zergling x12  
  49  4:55  Baneling  
  49  4:56  Baneling  
  52  5:20  Zergling x10  
  53  5:34  Drone x6  
  59  5:39  Extractor  
  59  5:40  Extractor  
  55  5:57  Drone  
  55  5:58  Drone  
  55  5:59  Hatchery  
  55  6:03  Zergling x16  
  52  6:11  Spire  
  52  6:16  Zergling x2  
  52  6:17  Zergling x2  
  52  6:31  Zergling x2  
  52  6:32  Zergling x12  
  51  6:38  Baneling x2  
  51  6:39  Baneling x2  
  50  6:42  Zergling x2  
  50  6:43  Zergling x2  
  52  6:52  Queen  
  54  6:59  Drone x2  
  57  7:01  Drone x2  
  57  7:05  Overlord  
  57  7:06  Overlord  
  57  7:07  Overlord x2  
  58  7:09  Drone  
  59  7:16  Baneling x2  
  59  7:25  Baneling x2  
  59  7:29  Mutalisk  
  57  7:30  Mutalisk x4  
  57  7:34  Mutalisk  
  69  7:43  Drone  
  61  7:44  Drone x4  
  63  8:01  Mutalisk  
  63  8:02  Mutalisk  
  65  8:05  Zergling x2  
  65  8:06  Zergling x16  
  74  8:21  Drone  
  74  8:22  Drone x3, Queen  
  80  8:28  Mutalisk, Zerg Flyer Weapons Level 1  
  80  8:34  Zergling x4  
  84  8:47  Overseer  
  84  8:53  Mutalisk  
  86  8:58  Drone  
  86  8:59  Drone x7  
  86  9:00  Drone x3  
  98  9:02  Drone  
  98  9:20  Overlord x2  
  98  9:21  Overlord  
  98  9:42  Mutalisk x3  
  98  9:43  Mutalisk x2  
  98  9:45  Zergling x12  
  110  9:50  Overlord x2  
  110  9:51  Overseer  
  114  9:56  Baneling x3  
  112  10:07  Mutalisk  
  112  10:22  Drone  
  112  10:23  Drone x11  
  112  10:27  Extractor x2  
  122  10:31  Mutalisk  
  124  10:36  Zergling x12  
Tags
 
Add a new tag
Caveats
  • Supply blocks, unpowered buildings, or Contaminate may cause inaccurate times.
  • Supply counts are checked every 10 seconds.